AoeStats
← BalduinoIV--2026

Arabian Desert

510615535Analyzed
1v1 RM · 1d ago on Oct 1, 2026· 28m 47s· 2 players
Game mode
Random Map
Map size
Tiny (2 player)
Population
200
Speed
Normal
Resources
Standard
Victory
Conquest
Starting age
Dark Age
Ending age
Imperial Age
RankedLock teamsTeams togetherTeam positionsShared explorationLock speedFull tech treeHidden civsTurbo modeCheats
Victory
Defeat
🇺🇸 Bulgarians · United States
668
+17
🇧🇴 Mongols · Bolivia
683
-17
PineapplePastaSauce
1:04 Loom
12:42 Feudal Age
13:33 Double-Bit Axe
14:06 Horse Collar
24:02 Castle Age
23:01 Gold Mining
23:51 Scale Mail Armor
28:19 Chain Mail Armor
28:15 Forging
BalduinoIV--2026
3:38 Loom
10:23 Feudal Age
16:41 Forging
19:22 Wheelbarrow
21:02 Bloodlines
25:35 Castle Age
Connection lost

Rejoining the realm…

Still unreachable

The connection could not be restored.

Session expired

The server has moved on; the page needs a fresh start.